 Dungeon Crawl Stone Soup version 0.30.1-9-gdf580d7c3d (webtiles) character file.

Game seed: 9929394769140942181

30 KittyFluff the Trooper (level 3, -1/23 HPs)
             Began as a Gargoyle Berserker on Oct 15, 2023.
             Was a Follower of Trog.
             Slain by a gnoll
             ... wielding a +0 spear
              (4 damage)
             ... on level 2 of the Dungeon.
             The game lasted 00:03:38 (942 turns).

KittyFluff the Trooper (Gargoyle Berserker)          Turns: 942, Time: 00:03:38

Health: -1/23      AC:  7    Str: 22    XL:     3   Next: 20%
Magic:  3/3        EV: 11    Int:  7    God:    Trog [*.....]
Gold:   84         SH:  0    Dex:  9    Spells: 2/2 levels left

rFire   . . .        d - +1 mace (holy)
rCold   . . .        (no shield)
rNeg    + . .        e - +0 leather armour
rPois   ∞            (no helmet)
rElec   +            h - +0 cloak
rCorr   .            (no gloves)
SInv    .            (no boots)
Will    .....        (no amulet)
Stlth   +            (no ring)
HPRegen 0.23/turn    (no ring)
MPRegen 0.08/turn

%: no passive effects
@: no status effects
A: sickness immunity, AC +3, negative energy resistance 1, electricity
resistance, torment resistance 1, petrification resistance
a: Renounce Religion, Berserk


You were on level 2 of the Dungeon.
You worshipped Trog.
Trog was aware of your devotion.
You visited 1 branch of the dungeon, and saw 2 of its levels.

You collected 84 gold pieces.

Inventory:

Hand Weapons
 a - a +0 mace
 d - a +1 mace of holy wrath (weapon)
Armour
 e - a +0 leather armour (worn)
 h - a +0 cloak (worn)
Scrolls
 b - a scroll of identify {unknown}
 f - a scroll of magic mapping {unknown}
 i - a scroll of fear {unknown}
Potions
 c - a potion of ambrosia {unknown}
 g - 2 potions of mutation {unknown}


   Skills:
 + Level 3.5 Fighting
 * Level 3.5 Maces & Flails
 * Level 2.9 Armour
 + Level 1.8 Dodging


You had 2 spell levels left.
You didn't know any spells.
Your spell library was empty.

Dungeon Overview and Level Annotations

Branches:
Dungeon (2/15)

Altars:


Innate Abilities, Weirdness & Mutations

You are immune to sickness and miasma.
Your stone body is resilient. (AC +3)
You are immune to poison.
You resist negative energy. (rN+)
You are resistant to electric shocks. (rElec)
You are resistant to unholy torment.
You are immune to petrification.


Message History

You see here 11 gold pieces.
You now have 84 gold pieces (gained 11).
A gnoll comes into view. It is wielding a +2 whip of venom.
The gnoll shouts!
You hear a shout!
You hit the gnoll.
The gnoll is moderately wounded.
The gnoll hits you with a +0 whip. The gnoll misses you.
You hit the gnoll.
The gnoll is heavily wounded.
The gnoll hits you with a +0 whip. The gnoll barely misses you.
A kobold comes into view. It is wielding a +0 dagger.
You sock the gnoll!
You kill the gnoll!
Trog accepts your kill. The gnoll hits you but does no damage.
The gnoll hits you from afar with a +0 spear.
The gnoll closely misses you. x2
You have reached level 3!
Your experience leads to an increase in your attributes!
Increase (S)trength, (I)ntelligence, or (D)exterity?
You feel stronger. x2
The gnoll closely misses you.
The gnoll hits you from afar with a +0 spear.
* * * LOW HITPOINT WARNING * * *
You fail to use your ability.
The gnoll completely misses you.
The gnoll hits you from afar with a +0 spear.
* * * LOW HITPOINT WARNING * * *
You hit the gnoll.
The gnoll is moderately wounded.
The gnoll barely misses you. x2
You barely miss the gnoll.
The gnoll is moderately wounded.
The gnoll closely misses you.
The gnoll hits you from afar with a +0 spear.
* * * LOW HITPOINT WARNING * * *
You hit the gnoll.
The gnoll is heavily wounded.
The gnoll closely misses you.
The gnoll hits you from afar with a +0 spear.
You die...

#.. #.# #####
##.###.... #... ...[#
#..# #.#.# #..# #.#.#
#####..###.#.######...
#......†......@ggK....
#.###..##.##.###g##.##
#......#.# #
#.###..... #.# #..#.##
#.###..#.# #.<.......
####....... .####


You could see 3 gnolls and a kobold.

Vanquished Creatures
  A gnoll (D:2)
  A dart slug (D:1)
  A bat (D:1)
  3 endoplasms (D:1)
  A giant cockroach (D:1)
  A goblin (D:1)
  2 hobgoblins (D:1)
  2 kobolds (D:1)
  A ball python (D:1)
  2 frilled lizards (D:1)
  4 rats
19 creatures vanquished.

Notes
Turn   | Place    | Note
-------+----------+-------------------------------------------
     0 | D:1      | KittyFluff the Gargoyle Berserker began the quest for the
                  | Orb.
     0 | D:1      | Reached XP level 1. HP: 14/14 MP: 1/1
   393 | D:1      | Reached XP level 2. HP: 19/19 MP: 2/2
   868 | D:1      | Found a faded altar of an unknown god.
   937 | D:2      | Reached XP level 3. HP: 8/23 MP: 3/3
   942 | D:2      | Slain by a gnoll

Illustrated notes

Levels and vault maps discovered:
D:1:      roderic_chinese_lattice_arrival, layout_basic,
          hellmonk_ecumenical_altar_slurped_away,
          hangedman_decor_clover_reticule
D:2:      layout_loops_ring, basic_altar

Action                     || total
---------------------------++-------
  Melee: Mace              ||    49
 Armour: Leather armour    ||    15
         Animal skin       ||     1
  Dodge: Dodged            ||    35
